 Dungeon Sprint DCSS version 0.30.2 (webtiles) character file.

Game seed: 13701576901294414624

248986932 DiggyJ the Middleweight Champion (level 21, 120/204 HPs) *EXPLORE*
             Began as a Demonspawn Gladiator on Jan 12, 2024.
             Was the Champion of Cheibriados.
             Escaped with the Orb
             ... and 17 runes on Jan 19, 2024!
             The game lasted 00:33:22 (7286 turns).

DiggyJ the Middleweight Champion (DsGl)             Turns: 7286, Time: 00:33:22

Health: 120/204    AC: 20    Str: 47    XL:     21   Next: 49%
Magic:  45/45      EV: 43    Int: 25    God:    Cheibriados [******]
Gold:   1935       SH:  0    Dex: 33    Spells: 42/42 levels left

rFire   + +          .
                       - Unarmed
rCold   x . .        (no shield)
rNeg    . . .        R - +2 fire dragon scales {Xtahua}
rPois   .            (helmet unavailable)
rElec   .            Y - +2 cloak
rCorr   .            (no gloves)
SInv    +            (boots unavailable)
Will    +....        v - amulet of the acrobat
Stlth   +++          n - +3 ring of strength
HPRegen 0.54/turn    S - ring "Igoan" {MP+9 Str+4 Dex+3}
MPRegen 0.29/turn

%: no teleportation, acrobat
@: very slow
A: antennae 3, claws 2, hooves 3, foul stench 2, spiny 2, deformed body,
deterioration 1, screaming 1
0: Orb of Zot
}: 17/17 runes: decaying, serpentine, barnacled, slimy, elven, silver, golden,
iron, obsidian, icy, bone, abyssal, glowing, magical, fiery, dark, gossamer
a: Renounce Religion, Bend Time, Temporal Distortion, Slouch, Step From Time


You escaped.
You worshipped Cheibriados.
Cheibriados was exalted by your worship.
You visited 1 branch You collected 1935 gold pieces.

Inventory:

Hand Weapons
 D - the +8 arbalest "Ziyteuck" {freeze, Contam rC+++ Will+}
   (You found it in the Dungeon)

   rC:        It renders you almost immune to cold.
   Contam:    It causes magical contamination when unequipped.
   Will:      It increases your willpower.
 F - a +0 eudemon blade of holy wrath
 J - the +6 sword of Cerebov {flame}
   (You took it off Cerebov in the Dungeon)
 K - the +13 sceptre of Asmodeus
   (You took it off Asmodeus in the Dungeon)

   Fire Summon: It may summon demons of flame and damnation when striking foes.
Missiles
 d - 3 throwing nets (quivered)
 e - 3 javelins
Armour
 b - a +0 leather armour
 c - a +0 helmet
 p - a +0 cloak
 z - +1 fire dragon scales
 H - the orb of Dispater {+Damnation *Corrode AC+5}
   (You took it off Dispater in the Dungeon)

   +Damnation: It grants the ability to hurl damnation at the cost of health and
   magic, with strength depending on Evocations skill.
   AC:        It affects your AC (+5).
   *Corrode:  It may corrode you when you take damage.
 O - +0 shadow dragon scales
 R - +2 fire dragon scales (worn) {Xtahua}
 Y - a +2 cloak (worn)
Jewellery
 n - a +3 ring of strength (left claw)
 o - a +3 ring of intelligence
 v - an amulet of the acrobat (around neck)
 w - a ring of poison resistance
 x - a ring of see invisible
 G - a +6 ring of intelligence
 I - a ring of wizardry
 M - a ring of flight
 N - an amulet of regeneration
 Q - a ring of resist corrosion
 S - the ring "Igoan" (right claw) {MP+9 Str+4 Dex+3}
   (You found it in the Dungeon)

   [ring of dexterity]

   Str:       It affects your strength (+4).
   Dex:       It affects your dexterity (+3).
   MP:        It affects your magic capacity (+9).
 T - a +3 ring of slaying
 U - the ring of Ziostachar {+Blink rC+ rCorr Int-4 SInv}
   (You found it in the Dungeon)

   [ring of see invisible]

   Int:       It affects your intelligence (-4).
   rC:        It protects you from cold.
   SInv:      It lets you see invisible.
   +Blink:    It lets you blink.
   rCorr:     It protects you from acid and corrosion.
 V - the ring "Gesom" {Ice rCorr SInv}
   (You found it in the Dungeon)

   [ring of ice]

   It enhances your ice magic.
   rF:        It makes you vulnerable to fire.
   rC:        It protects you from cold.
   SInv:      It lets you see invisible.
   rCorr:     It protects you from acid and corrosion.
 W - the ring "Ishap" {rPois Int+3}
   (You found it in the Dungeon)

   [ring of poison resistance]

   Int:       It affects your intelligence (+3).
   rPois:     It protects you from poison.
Wands
 m - a wand of roots (10)
 E - a wand of quicksilver (12)
Scrolls
 k - 7 scrolls of blinking
 l - 2 scrolls of amnesia
 r - 5 scrolls of enchant armour
 s - 5 scrolls of identify
 t - 4 scrolls of fear
 u - 5 scrolls of fog
 B - 4 scrolls of enchant weapon
 P - a scroll of butterflies
Potions
 a - 2 potions of invisibility
 f - 12 potions of curing
 g - 7 potions of heal wounds
 h - 10 potions of haste
 i - 9 potions of magic
 j - 3 potions of berserk rage
 q - 3 potions of brilliance
 A - 2 potions of resistance
 C - 3 potions of mutation
 L - a potion of degeneration
 X - 2 potions of might
 Z - a potion of lignification {unknown}
Miscellaneous
 y - the horn of Geryon


   Skills:
 O Level 27 Fighting
 + Level 11.3(13.2) Short Blades
 + Level 11.3(13.2) Long Blades
 + Level 14.8(17.5) Axes
 + Level 11.2(16.0) Maces & Flails
 + Level 11.2(16.0) Polearms
 + Level 11.2(14.8) Staves
 + Level 11.2 Ranged Weapons
 + Level 11.7 Throwing
 O Level 27 Armour
 O Level 27 Dodging
 O Level 27 Stealth
 + Level 11.2 Shields
 O Level 27 Unarmed Combat
 + Level 11.2 Spellcasting
 + Level 12.3 Conjurations
 + Level 13.5 Hexes
 + Level 12.3 Summonings
 + Level 13.3 Necromancy
 + Level 11.3 Translocations
 + Level 11.2 Transmutations
 + Level 12.5 Fire Magic
 + Level 12.6 Ice Magic
 + Level 12.5 Air Magic
 + Level 12.5 Earth Magic
 + Level 13.6 Poison Magic
 + Level 17.3 Invocations
 + Level 13.6 Evocations


You had 42 spell levels left.
You didn't know any spells.
Your spell library was empty.

Dungeon Overview and Level Annotations

Branches:
Dungeon (1/1)

Altars:
Cheibriados
Dithmenos
Fedhas
Gozag
Hepliaklqana
Kikubaaqudgha
Makhleb
Nemelex Xobeh
Okawaru
Qazlal
Ru
Sif Muna
Trog
Uskayaw
Vehumet
Wu Jian
Xom
Yredelemnul
Jiyva
Lugonu

Shops:
D !:?!


Innate Abilities, Weirdness & Mutations

You have a pair of large antennae on your head. (SInv)
You have very sharp fingernails.
You have hooves in place of feet.
You sometimes emit foul miasma when damaged in melee.
You are mostly covered in sharp spines.
Armour fits poorly on your strangely shaped body.
Your body sometimes deteriorates upon taking damage.
You occasionally shout uncontrollably at your foes.


Message History

There is a radiant altar of Vehumet here.
There is a hide-covered altar of Uskayaw here.
There is a bloodstained altar of Trog here.
There is a shimmering blue altar of Sif Muna here.
There is a sacrificial altar of Ru here.
There is a stormy altar of Qazlal here.
There is an iron altar of Okawaru here.
There is a sparkling altar of Nemelex Xobeh here.
There is a burning altar of Makhleb here.
There is a corrupted altar of Lugonu here.
A red devil comes into view. It is wielding a +0 demon trident.
There is an ancient bone altar of Kikubaaqudgha here.
The red devil is struck by your spines. The red devil completely misses you.
The red devil is struck by your spines. The red devil completely misses you.
There is a hazy altar of Hepliaklqana here.
You barely miss the red devil.
You kick the red devil, but do no damage.
The red devil is heavily wounded.
You claw the red devil! You kick the red devil.
The red devil is severely wounded.
The red devil completely misses you.
You eviscerate the red devil!!!
You kill the red devil!
Cheibriados appreciates the change of pace.
There is an opulent altar of Gozag here.
You see here a +0 demon trident.
There is a blossoming altar of Fedhas here.
There is a white marble altar of Elyvilon here.
There is a shadowy altar of Dithmenos here.
You see here a +0 war axe.
There is a snail-covered altar of Cheibriados here.
There is a roughly hewn altar of Beogh here.
There is an open door to the Temple here.
There is an open door, spattered with blood here.
Things that are here:
a +0 ring mail; a +0 dagger
There is an open door to the Dungeon here.
There is a staircase leading out of the dungeon here.
You can't go down here!
You have escaped!

▓▓▓▓▓▓▓▓▓▓▓▓▓▓▓▓▓▓
▓@▓...▓...▓...▓...
▓.▓.▓.▓.▓.▓.▓.▓.▓.
▓.▓.▓.▓.▓.▓.▓.▓.▓.
▓.▓.▓.▓.▓.▓.▓.▓.▓{
▓'▓.▓.▓.▓.▓.▓.▓.▓.
▓.▓.▓.▓.▓.▓.▓.▓.▓.
▓.▓.▓.▓.▓.▓.▓.▓.▓.
▓.▓.▓'▓.▓.▓.▓.▓.▓.
▓.▓.▓.▓.▓.▓.▓.▓.▓.


There were no monsters in sight!

Vanquished Creatures
  Cerebov (D)
  Asmodeus (D)
  Antaeus (D)
  Gloorx Vloq (D)
  the Royal Jelly (D)
  Ereshkigal (D)
  Lom Lobon (D)
  Mnoleg (D)
  4 ancient liches (D)
  3 orbs of fire (D)
  Dispater (D)
  Mennas (D)
  Mara (D)
  4 royal mummies (D)
  Sojobo (D)
  Boris (D)
  Margery (D)
  Xtahua (D)
  Nikola (D)
  Geryon (D)
  2 golden dragons (D)
  3 bone dragons (D)
  3 Tzitzimimeh (D)
  3 Brimstone Fiends (D)
  2 Hell Sentinels (D)
  2 tentacled monstrosities (D)
  A hellephant (D)
  4 pandemonium lords (D)
  4 electric golems (D)
  41 Orb Guardians (D)
  4 liches (D)
  3 deep elf blademasters (D)
  4 Ice Fiends (D)
  2 quicksilver dragons (D)
  A deep elf master archer (D)
  10 acid blobs (D)
  15 sphinxes (D)
  2 titans (D)
  4 Executioners (D)
  A tentacled starspawn (D)
  A thorn hunter (D)
  4 death cobs (D)
  Agnes (D)
  2 storm dragons (D)
  4 tengu reavers (D)
  Ilsuiw (D)
  A draconian monk (D)
  2 azure jellies (D)
  A frost giant (D)
  A daeva (D)
  A deep elf sorcerer (D)
  9 shadow dragons (D)
  2 draconian knights (D)
  6 nagarajas (D)
  4 emperor scorpions (D)
  Donald (D)
  6 rockslimes (D)
  3 fire giants (D)
  2 draconian scorchers (D)
  A balrug (D)
  A vault warden (D)
  A cacodemon (D)
  5 ghost moths (D)
  3 ironbound preservers (D)
  A draconian stormcaller (D)
  A draconian shifter (D)
  2 ironbound thunderhulks (D)
  A broodmother (D)
  A reaper (D)
  3 very ugly things (D)
  2 demonspawn corrupters (D)
  Nessos (D)
  2 quicksilver oozes (D)
  2 stone giants (D)
  11 vampire knights (D)
  4 black draconians (D)
  6 deep elf annihilators (D)
  A lorocyproca (D)
  2 eleionomae (D)
  4 white draconians (D)
  2 dire elephants (D)
  A spark wasp (D)
  5 red draconians (D)
  2 yellow draconians (D)
  5 purple draconians (D)
  A bunyip (D)
  4 green deaths (D)
  3 mummy priests (D)
  6 ettins (D)
  Josephine (D)
  4 merfolk impalers (D)
  A deep elf high priest (D)
  2 merfolk javelineers (D)
  2 deep elf death magi (D)
  An entropy weaver (D)
  2 great orbs of eyes (D)
  5 fire dragons (D)
  2 yaktaur captains (D)
  3 hell beasts (D)
  6 hydras (D)
  4 ice dragons (D)
  25 vault guards (D)
  An ironbound frostheart (D)
  A rakshasa (D)
  2 ogre magi (D)
  3 merfolk avatars (D)
  3 merfolk aquamancers (D)
  3 deep troll shamans (D)
  3 hell hogs (D)
  4 naga warriors (D)
  A two-headed ogre (D)
  3 tengu warriors (D)
  2 deep troll earth magi (D)
  2 spriggan berserkers (D)
  Sonja (D)
  5 sun demons (D)
  An orc high priest (D)
  A pharaoh ant (D)
  3 hell knights (D)
  A wretched star (D)
  A sea snake (D)
  2 sixfirhies (D)
  A goliath frog (D)
  A spriggan druid (D)
  A skeletal warrior (D)
  4 ironbound convokers (D)
  5 harpies (D)
  2 shadow demons (D)
  9 swamp dragons (D)
  A wolf spider (D)
  5 orc knights (D)
  4 necromancers (D)
  4 orc sorcerers (D)
  A manticore (D)
  9 large abominations (D)
  A will-o-the-wisp (D)
  2 cyclopes (D)
  A guardian serpent (D)
  A merfolk siren (D)
  7 moths of wrath (D)
  2 rust devils (D)
  5 black mambas (D)
  An elephant (shapeshifter) (D)
  3 naga magi (D)
  2 demonic crawlers (D)
  4 vault sentinels (D)
  7 elephants (D)
  An orange demon (D)
  4 cane toads (D)
  3 hellions (D)
  3 smoke demons (D)
  An unseen horror (D)
  2 yaktaurs (D)
  A komodo dragon (D)
  A kobold demonologist (D)
  2 tormentors (D)
  An ice devil (D)
  4 red devils (D)
  21 guardian mummies (D)
  A wandering mushroom (D)
  A bloated husk (D)
  A troll (D)
  7 hellwings (D)
  2 wind drakes (D)
  A tarantella (D)
  2 blink frogs (D)
  A tyrant leech (D)
  A polar bear (D)
  A dream sheep (D)
  A wind drake (shapeshifter) (D)
  2 snapping turtles (D)
  A small abomination (D)
  A culicivora (D)
  An air elemental (D)
  2 ynoxinuls (D)
  10 spriggans (D)
  2 jumping spiders (D)
  4 wraiths (D)
  A shadow (D)
  2 yaks (D)
  8 golden eyes (D)
  2 chaos spawn (D)
  6 redbacks (D)
  3 nagas (D)
  An acid dragon (D)
  3 water moccasins (D)
  3 floating eyes (D)
  10 orc warriors (D)
  A wolf (D)
  2 kobold brigands (D)
  2 bullfrogs (D)
  A scorpion (D)
  2 howler monkeys (D)
  A hound (D)
  A quasit (D)
  5 orc priests (D)
  2 orc wizards (D)
  An adder (D)
  A white imp (D)
  An ufetubus (D)
  2 dart slugs (D)
  14 orcs (D)
  A ball python (D)
  An endoplasm (D)
  A quokka (D)
  A ball python simulacrum (D)
  A rat (D)
  A ball lightning (D)
  A fire vortex (D)
  A starspawn tentacle (D)
628 creatures vanquished.

Vanquished Creatures (others)
  A deep elf blademaster (D)
  A reaper (D)
  A deep elf annihilator (D)
  A hell knight (D)
  A spriggan (D)
  4 golden eyes (D)
  An orc wizard (D)
  2 ball lightnings (D)
12 creatures vanquished.

Grand Total: 640 creatures vanquished

Notes
Turn   | Place    | Note
-------+----------+-------------------------------------------
     0 | D        | DiggyJ the Demonspawn Gladiator began the quest for the
                  | Orb.
     0 | D        | Reached XP level 1. HP: 16/16 MP: 1/1
     0 | D        | Entered explore mode.
    17 | D        | Gained mutation: You may rarely emit foul miasma when
                  | damaged in melee. [demonic ancestry]
    17 | D        | Reached XP level 2. HP: 16/23 MP: 2/2
    22 | D        | Noticed a scorpion
    36 | D        | Reached skill level 5 in Axes
    36 | D        | Discovered your monstrous ancestry.
    36 | D        | Gained mutation: You have sharp fingernails. [demonic
                  | ancestry]
    36 | D        | Reached XP level 3. HP: 25/29 MP: 3/3
    47 | D        | Killed a scorpion
    48 | D        | Reached XP level 4. HP: 11/37 MP: 4/4
    53 | D        | Reached skill level 1 in Armour
    53 | D        | HP: 1/37 [quokka (4)]
    60 | D        | Found a snail-covered altar of Cheibriados.
    60 | D        | Found a shadowy altar of Dithmenos.
    60 | D        | Found a blossoming altar of Fedhas.
    60 | D        | Found an opulent altar of Gozag.
    61 | D        | Found a hazy altar of Hepliaklqana.
    62 | D        | Found a viscous altar of Jiyva.
    63 | D        | Found an ancient bone altar of Kikubaaqudgha.
    64 | D        | Found a corrupted altar of Lugonu.
    66 | D        | Found a burning altar of Makhleb.
    71 | D        | Found a sparkling altar of Nemelex Xobeh.
    72 | D        | Found an iron altar of Okawaru.
    73 | D        | Found a stormy altar of Qazlal.
    74 | D        | Found a sacrificial altar of Ru.
    75 | D        | Found a shimmering blue altar of Sif Muna.
    76 | D        | Found a bloodstained altar of Trog.
    77 | D        | Found a hide-covered altar of Uskayaw.
    78 | D        | Found a radiant altar of Vehumet.
    79 | D        | Found an ornate altar of the Wu Jian Council.
    80 | D        | Found a shimmering altar of Xom.
    81 | D        | Found a basalt altar of Yredelemnul.
   107 | D        | Became a worshipper of Cheibriados the Contemplative
   146 | D        | Noticed a troll
   146 | D        | Noticed a yak
   146 | D        | Noticed a kobold brigand
   146 | D        | Noticed a kobold brigand
   154 | D        | Reached skill level 5 in Dodging
   154 | D        | Gained mutation: You have a pair of small antennae on your
                  | head. [demonic ancestry]
   154 | D        | Reached XP level 5. HP: 14/43 MP: 5/5
   154 | D        | Slain by a troll (9 damage)
   158 | D        | Slain by a troll (11 damage)
   160 | D        | Killed a troll
   160 | D        | Reached * piety under Cheibriados
   161 | D        | Reached skill level 5 in Fighting
   161 | D        | Reached skill level 1 in Unarmed Combat
   161 | D        | Reached XP level 6. HP: 38/52 MP: 6/6
   174 | D        | Slain by a yak (10 damage)
   176 | D        | Killed a yak
   177 | D        | Reached XP level 7. HP: 53/59 MP: 7/7
   188 | D        | Reached ** piety under Cheibriados
   206 | D        | Reached skill level 5 in Armour
   209 | D        | Noticed a kobold demonologist
   209 | D        | Noticed a cyclops
   209 | D        | Noticed a two-headed ogre
   209 | D        | Noticed a shadow
   209 | D        | Noticed a manticore
   210 | D        | Noticed a neqoxec
   210 | D        | Gained mutation: Armour fits poorly on your strangely
                  | shaped body. [a neqoxec]
   215 | D        | HP: 2/59 [neqoxec[a kobold demonologist] (9)]
   223 | D        | HP: 2/59 [shadow imp/nerve-wracking pain[a kobold
                  | demonologist] (2)]
   224 | D        | Slain by a kobold demonologist
                  | ... wielding a +0 dagger
                  | (3 damage)
   234 | D        | Killed a kobold demonologist
   234 | D        | Reached *** piety under Cheibriados
   235 | D        | Reached skill level 10 in Axes
   235 | D        | Reached skill level 5 in Unarmed Combat
   235 | D        | Slain by a cyclops (32 damage)
   245 | D        | Killed a cyclops
   246 | D        | Reached skill level 1 in Stealth
   246 | D        | Gained mutation: You are partially covered in sharp spines.
                  | [demonic ancestry]
   246 | D        | Reached XP level 8. HP: 34/67 MP: 8/8
   251 | D        | Killed a two-headed ogre
   252 | D        | Mangled by a shadow (26 damage)
   255 | D        | Killed an unseen horror
   255 | D        | Reached **** piety under Cheibriados
   256 | D        | Reached XP level 9. HP: 74/74 MP: 9/9
   262 | D        | Killed a manticore
   263 | D        | Reached skill level 10 in Unarmed Combat
   444 | D        | Noticed a cane toad
   444 | D        | Noticed a komodo dragon
   444 | D        | Noticed an eight-headed hydra
   448 | D        | Killed a cane toad
   448 | D        | Reached ***** piety under Cheibriados
   456 | D        | Killed a komodo dragon
   458 | D        | Noticed a polar bear
   458 | D        | HP: 1/75 [eight-headed hydra (3)]
   459 | D        | Mangled by an eight-headed hydra (11 damage)
   463 | D        | Killed an eight-headed hydra
   467 | D        | Reached ****** piety under Cheibriados
   469 | D        | Gained mutation: You have large cloven feet. [demonic
                  | ancestry]
   469 | D        | Reached XP level 10. HP: 24/83 MP: 10/10
   472 | D        | HP: 4/83 [polar bear (2)]
   483 | D        | Noticed a cane toad
   483 | D        | Noticed a cane toad
   483 | D        | Noticed an elephant
   483 | D        | Noticed a cane toad
   488 | D        | Killed a cane toad
   489 | D        | Killed a cane toad
   495 | D        | Killed an elephant
   496 | D        | Mangled by a cane toad (15 damage)
   497 | D        | Killed a cane toad
   503 | D        | Reached skill level 10 in Dodging
   509 | D        | Noticed an elephant
   509 | D        | Noticed an elephant
   509 | D        | Noticed a dire elephant
   509 | D        | Noticed a dire elephant
   509 | D        | Noticed an elephant
   509 | D        | Noticed an elephant
   520 | D        | Slain by a dire elephant (10 damage)
   521 | D        | Killed a dire elephant
   522 | D        | Reached skill level 15 in Unarmed Combat
   525 | D        | Noticed an elephant
   533 | D        | Killed a dire elephant
   536 | D        | Killed an elephant
   537 | D        | Reached skill level 10 in Fighting
   537 | D        | Reached XP level 11. HP: 13/90 MP: 11/11
   562 | D        | HP: 3/91 [elephant (5)]
   629 | D        | Noticed Josephine
   641 | D        | Killed from afar by Josephine (20 damage)
                  | ... with a ghostly fireball
   642 | D        | Killed Josephine
   679 | D        | Noticed Sonja
   684 | D        | Killed Sonja
   758 | D        | Noticed an orc knight
   763 | D        | Killed an orc knight
   763 | D        | Slain by an orc warrior
                  | ... wielding a +0 halberd
                  | (9 damage)
   764 | D        | Noticed an orc knight
   775 | D        | Killed an orc knight
   781 | D        | Demolished by an orc warrior
                  | ... wielding a +0 mace
                  | (25 damage)
   800 | D        | Found Unosigep's Distillery.
   800 | D        | Noticed an orc sorcerer
   800 | D        | Noticed an orc high priest
   804 | D        | Noticed a soul eater
   804 | D        | Found Saosuza's Book Shoppe.
   804 | D        | Noticed an orc sorcerer
   808 | D        | Killed an orc sorcerer
   817 | D        | Killed an orc high priest
   818 | D        | Found Hoigax's Magic Scroll Emporium.
   819 | D        | Noticed a soul eater
   820 | D        | Killed an orc sorcerer
   823 | D        | Found Siaqiema's Distillery.
   825 | D        | Noticed an orc sorcerer
   826 | D        | Noticed an orc sorcerer
   838 | D        | Killed an orc sorcerer
   842 | D        | Killed an orc sorcerer
   843 | D        | Gained mutation: You have hoof-like feet. [demonic
                  | ancestry]
   843 | D        | Reached XP level 12. HP: 35/100 MP: 12/12
  1041 | D        | Got the +8 arbalest "Ziyteuck" {freeze, Contam rC+++ Will+}
  1084 | D        | Noticed a seven-headed hydra
  1084 | D        | Noticed an ogre mage
  1084 | D        | Noticed an ogre mage
  1090 | D        | Noticed a stone giant
  1092 | D        | Killed a seven-headed hydra
  1100 | D        | Killed an ogre mage
  1106 | D        | Killed a stone giant
  1106 | D        | Noticed an ettin
  1108 | D        | Killed an ogre mage
  1112 | D        | Mangled by a skeletal warrior
                  | ... wielding a +0 scimitar
                  | (19 damage)
  1122 | D        | Killed an ettin
  1134 | D        | Noticed a tengu warrior
  1135 | D        | Noticed a deep troll shaman
  1136 | D        | Noticed a lich
  1137 | D        | Noticed an ettin
  1139 | D        | Slain by a tengu warrior
                  | ... wielding a +0 long sword
                  | (10 damage)
  1148 | D        | Killed a lich
  1151 | D        | Killed a tengu warrior
  1155 | D        | Killed a deep troll shaman
  1159 | D        | Killed an ettin
  1237 | D        | Noticed Nessos
  1244 | D        | HP: 5/101 [poisoned by Nessos]
  1244 | D        | Shot with an arrow by Nessos (13 damage)
  1259 | D        | Killed Nessos
  1286 | D        | Noticed Agnes
  1291 | D        | Killed Agnes
  1327 | D        | Noticed an entropy weaver
  1327 | D        | Noticed an emperor scorpion
  1328 | D        | Noticed an emperor scorpion
  1330 | D        | Reached skill level 10 in Armour
  1335 | D        | Killed an entropy weaver
  1336 | D        | Noticed a broodmother
  1338 | D        | Mangled by a demonic crawler (16 damage)
  1349 | D        | HP: 4/102 [emperor scorpion (8)]
  1350 | D        | Mangled by an emperor scorpion (15 damage)
  1353 | D        | Killed an emperor scorpion
  1354 | D        | Gained mutation: You have a pair of antennae on your head.
                  | [demonic ancestry]
  1354 | D        | Reached XP level 13. HP: 63/107 MP: 13/13
  1362 | D        | Slain by an emperor scorpion (6 damage)
  1369 | D        | Killed an emperor scorpion
  1376 | D        | Slain by a jumping spider (11 damage)
                  | ... summoned by a broodmother
  1378 | D        | Killed a broodmother
  1477 | D        | Noticed a bunyip
  1477 | D        | Noticed a thorn hunter
  1477 | D        | Noticed an eleionoma
  1478 | D        | Killed a bunyip
  1480 | D        | Killed a thorn hunter
  1480 | D        | Killed from afar by a spriggan druid (31 damage)
                  | ... with a stone arrow
  1486 | D        | Noticed an eleionoma
  1491 | D        | Killed an eleionoma
  1497 | D        | Killed by an exploding bloated husk (32 damage)
                  | ... set off by themself
  1504 | D        | Killed an eleionoma
  1575 | D        | Noticed Donald
  1578 | D        | Demolished by Donald
                  | ... wielding a +0 scimitar of electrocution
                  | (30 damage)
  1580 | D        | Killed Donald
  1658 | D        | Noticed a fire dragon
  1658 | D        | Noticed a fire giant
  1658 | D        | Noticed a vampire knight
  1659 | D        | Noticed a green very ugly thing
  1664 | D        | Killed a fire dragon
  1667 | D        | Killed a fire giant
  1671 | D        | Killed a green very ugly thing
  1672 | D        | Noticed a vampire knight
  1678 | D        | Noticed a fire dragon
  1680 | D        | Noticed a fire dragon
  1681 | D        | Paralysed by something for 5 turns
  1681 | D        | Slain by a rakshasa
                  | ... wielding a +0 long sword
                  | (20 damage)
                  | ... while paralysed by a vampire knight
  1684 | D        | HP: 2/111 [something (16)]
  1684 | D        | Slain by a vampire knight
                  | ... wielding a +0 great sword
                  | (5 damage)
                  | ... while paralysed by a vampire knight
  1688 | D        | Reached XP level 14. HP: 32/118 MP: 14/14
  1689 | D        | Noticed a fire giant
  1691 | D        | HP: 3/118 [something (11)]
  1693 | D        | Annihilated by a vampire knight
                  | ... wielding a +0 great sword
                  | (29 damage)
  1694 | D        | Noticed a frost giant
  1695 | D        | Paralysed by something for 4 turns
  1698 | D        | Slain by a vampire knight
                  | ... wielding a +0 great sword
                  | (13 damage)
                  | ... while paralysed by a vampire knight
  1703 | D        | HP: 3/118 [something (7)]
  1703 | D        | Annihilated by a vampire knight
                  | ... wielding a +0 broad axe
                  | (30 damage)
  1706 | D        | Killed a vampire knight
  1708 | D        | Killed from afar by an ice dragon (66 damage)
                  | ... with a blast of cold
  1716 | D        | Mangled by a vampire knight
                  | ... wielding a +0 great sword
                  | (21 damage)
  1721 | D        | Killed a vampire knight
  1722 | D        | Killed a fire giant
  1730 | D        | Killed a frost giant
  1732 | D        | Mangled by a spark wasp (21 damage)
  1743 | D        | Reached skill level 15 in Armour
  1805 | D        | Noticed an ironbound preserver
  1805 | D        | Noticed a sphinx
  1813 | D        | Killed an ironbound preserver
  1817 | D        | Killed from afar by an ironbound frostheart (45 damage)
                  | ... by creeping frost
  1825 | D        | Killed a sphinx
  1826 | D        | Noticed an ironbound thunderhulk
  1829 | D        | Reached skill level 15 in Dodging
  1836 | D        | Noticed an ironbound thunderhulk
  1842 | D        | Noticed a red very ugly thing
  1842 | D        | Noticed a vault warden
  1843 | D        | Noticed an ironbound preserver
  1843 | D        | HP: 6/121 [yaktaur captain (17)]
  1844 | D        | Noticed an ironbound preserver
  1855 | D        | HP: 2/121 [red very ugly thing (8)]
  1856 | D        | Annihilated by an ironbound thunderhulk
                  | ... wielding a +0 dire flail
                  | (29 damage)
  1862 | D        | Killed a red very ugly thing
  1864 | D        | Killed an ironbound preserver
  1865 | D        | Reached skill level 15 in Fighting
  1865 | D        | Reached skill level 27 in Unarmed Combat
  1866 | D        | Killed a vault warden
  1871 | D        | Killed an ironbound preserver
  1884 | D        | Killed from afar by an ironbound thunderhulk (60 damage)
                  | ... with a bolt of lightning
  1885 | D        | Killed an ironbound thunderhulk
  1886 | D        | Killed an ironbound thunderhulk
  1919 | D        | Noticed Mennas
  1925 | D        | Slain by Mennas
                  | ... wielding a +0 eudemon blade of holy wrath
                  | (11 damage)
  1936 | D        | Killed Mennas
  1959 | D        | Noticed a tengu reaver
  1961 | D        | Noticed Sojobo
  1966 | D        | Killed a tengu reaver
  1968 | D        | Noticed a tengu reaver
  1972 | D        | HP: 1/126 [Sojobo/+1 great sword of electrocution (11)]
  1972 | D        | Slain by Sojobo
                  | ... wielding a +1 great sword of electrocution
                  | (1 damage)
  1976 | D        | Killed Sojobo
  1982 | D        | Killed a tengu reaver
  1983 | D        | Gained mutation: You are mostly covered in sharp spines.
                  | [demonic ancestry]
  1983 | D        | Reached XP level 15. HP: 87/134 MP: 15/15
  1987 | D        | Noticed Mara
  2001 | D        | Noticed DiggyJ's illusion
  2001 | D        | Killed Mara
  2050 | D        | Found the +8 Wrath of Trog {antimagic, *Rage Rampage}
  2197 | D        | Noticed Ilsuiw
  2211 | D        | Killed Ilsuiw
  2219 | D        | Got a barnacled rune of Zot
  2266 | D        | HP: 2/139 [swamp dragon (9)]
  2267 | D        | Slain by a swamp dragon (5 damage)
  2290 | D        | Got a decaying rune of Zot
  2297 | D        | Noticed an emperor scorpion
  2302 | D        | Noticed an emperor scorpion
  2309 | D        | Killed an emperor scorpion
  2317 | D        | HP: 6/141 [emperor scorpion (23)]
  2318 | D        | Mangled by an emperor scorpion (13 damage)
  2320 | D        | Killed an emperor scorpion
  2331 | D        | Got a gossamer rune of Zot
  2338 | D        | Noticed a nagaraja
  2338 | D        | Noticed a nagaraja
  2338 | D        | Noticed a nagaraja
  2338 | D        | Noticed a nagaraja
  2339 | D        | Noticed a nagaraja
  2342 | D        | Killed a nagaraja
  2344 | D        | Killed a nagaraja
  2348 | D        | Noticed a nagaraja
  2348 | D        | Killed a nagaraja
  2351 | D        | Killed a nagaraja
  2358 | D        | Killed a nagaraja
  2362 | D        | Killed a nagaraja
  2445 | D        | Noticed Margery
  2449 | D        | Noticed Boris
  2454 | D        | Killed Margery
  2455 | D        | HP: 7/143 [hell knight/+4 halberd of flaming[Margery] (19)]
  2459 | D        | Mangled by a hell knight
                  | ... wielding a +4 halberd of flaming
                  | ... led by Margery
                  | (19 damage)
  2463 | D        | Reached skill level 5 in Stealth
  2473 | D        | Killed Boris
  2474 | D        | Gained mutation: You have very sharp fingernails. [demonic
                  | ancestry]
  2474 | D        | Reached XP level 16. HP: 67/152 MP: 16/16
  2488 | D        | Engulfed by a cloud of freezing vapour (66 damage)
  2744 | D        | Noticed a sphinx
  2744 | D        | Noticed a lich
  2744 | D        | Noticed a lich
  2748 | D        | Killed a sphinx
  2753 | D        | Killed a lich
  2754 | D        | Noticed a tengu reaver
  2756 | D        | Killed a lich
  2758 | D        | Noticed a shadow dragon
  2763 | D        | Noticed a tengu reaver
  2769 | D        | Noticed a shadow dragon
  2776 | D        | Killed a tengu reaver
  2786 | D        | Killed a shadow dragon
  2787 | D        | Demolished by a tengu reaver
                  | ... wielding a +0 glaive of pain
                  | (31 damage)
  2789 | D        | Killed a tengu reaver
  2794 | D        | Killed a shadow dragon
  2803 | D        | Noticed Nikola
  2809 | D        | Killed Nikola
  2870 | D        | Noticed a shadow dragon
  2870 | D        | Identified the ring "Sontac" {Str+6 Dex-5 SInv}
  2870 | D        | Noticed a quicksilver dragon
  2870 | D        | Noticed a titan
  2870 | D        | Noticed a shadow dragon
  2873 | D        | Killed a shadow dragon
  2874 | D        | Noticed a shadow dragon
  2879 | D        | Killed a quicksilver dragon
  2884 | D        | Demolished by a titan (32 damage)
  2885 | D        | Killed a titan
  2886 | D        | Noticed a titan
  2892 | D        | Killed a shadow dragon
  2896 | D        | Killed a shadow dragon
  2903 | D        | Killed a titan
  2905 | D        | Got a silver rune of Zot
  2953 | D        | Noticed Xtahua
  2960 | D        | Killed Xtahua
  2961 | D        | Reached XP level 17. HP: 138/167 MP: 17/17
  3012 | D        | Got the ring "Igoan" {MP+9 Str+4 Dex+3}
  3015 | D        | Found the +10 zealot's sword {holy, Zealotry, *Rage rN+
                  | EV+3}
  3016 | D        | Got the ring of Ziostachar {+Blink rC+ rCorr Int-4 SInv}
  3018 | D        | Got the ring "Gesom" {Ice rCorr SInv}
  3020 | D        | Got the ring "Ishap" {rPois Int+3}
  3081 | D        | Upgraded the game from 0.30.1-11-g7821555f0a to 0.30.2
  3167 | D        | Noticed a quicksilver dragon
  3185 | D        | Killed a quicksilver dragon
  3213 | D        | Noticed a bone dragon
  3213 | D        | Noticed a bone dragon
  3218 | D        | Killed a bone dragon
  3223 | D        | Killed a bone dragon
  3224 | D        | Noticed a golden dragon
  3243 | D        | Killed a golden dragon
  3264 | D        | Noticed a tentacled monstrosity
  3265 | D        | Reached skill level 27 in Dodging
  3277 | D        | Killed a tentacled monstrosity
  3300 | D        | Noticed a tentacled monstrosity
  3305 | D        | Noticed an electric golem
  3306 | D        | Killed a tentacled monstrosity
  3324 | D        | Killed an electric golem
  3325 | D        | Reached skill level 27 in Fighting
  3393 | D        | Killed from afar by a black draconian knight (54 damage)
                  | ... with a bolt of cold
  3408 | D        | Reached skill level 27 in Armour
  3416 | D        | Reached skill level 10 in Stealth
  3427 | D        | Succumbed to a green draconian monk's poison
  3631 | D        | Noticed an Orb Guardian
  3631 | D        | Noticed an Orb Guardian
  3631 | D        | Noticed an Orb Guardian
  3631 | D        | Noticed an Orb Guardian
  3631 | D        | Noticed an Orb Guardian
  3631 | D        | Noticed an Orb Guardian
  3632 | D        | Noticed an Orb Guardian
  3633 | D        | Killed an Orb Guardian
  3634 | D        | Reached skill level 15 in Stealth
  3634 | D        | Killed an Orb Guardian
  3635 | D        | Noticed an Orb Guardian
  3638 | D        | Killed an Orb Guardian
  3639 | D        | Noticed an Orb Guardian
  3643 | D        | Killed an Orb Guardian
  3644 | D        | Noticed an Orb Guardian
  3645 | D        | Killed an Orb Guardian
  3648 | D        | Killed an Orb Guardian
  3653 | D        | Killed an Orb Guardian
  3654 | D        | Gained mutation: You sometimes emit foul miasma when
                  | damaged in melee. [demonic ancestry]
  3654 | D        | Reached XP level 18. HP: 157/182 MP: 18/18
  3658 | D        | Killed an Orb Guardian
  3662 | D        | Killed an Orb Guardian
  3665 | D        | Killed an Orb Guardian
  3670 | D        | Noticed an Orb Guardian
  3670 | D        | Noticed an Orb Guardian
  3671 | D        | Noticed an Orb Guardian
  3673 | D        | Noticed an Orb Guardian
  3678 | D        | Killed an Orb Guardian
  3681 | D        | Killed an Orb Guardian
  3691 | D        | Killed an Orb Guardian
  3695 | D        | Killed an Orb Guardian
  3701 | D        | Noticed an ancient lich
  3707 | D        | Killed an ancient lich
  3709 | D        | Noticed an orb of fire
  3711 | D        | Killed an orb of fire
  3713 | D        | Noticed an electric golem
  3716 | D        | Killed an electric golem
  3718 | D        | Noticed an Orb Guardian
  3718 | D        | Noticed a golden dragon
  3718 | D        | Noticed an ancient lich
  3718 | D        | Noticed an orb of fire
  3718 | D        | Noticed an Orb Guardian
  3719 | D        | Noticed an Orb Guardian
  3720 | D        | Killed an Orb Guardian
  3721 | D        | Noticed an orb of fire
  3722 | D        | Killed a golden dragon
  3724 | D        | Killed an ancient lich
  3725 | D        | Noticed an electric golem
  3727 | D        | Killed an orb of fire
  3728 | D        | Reached skill level 27 in Stealth
  3728 | D        | Noticed an electric golem
  3731 | D        | Reached skill level 1 in Invocations
  3738 | D        | Killed an orb of fire
  3739 | D        | Reached skill level 1 in Short Blades
  3739 | D        | Reached skill level 1 in Long Blades
  3739 | D        | Reached skill level 1 in Maces & Flails
  3739 | D        | Reached skill level 1 in Polearms
  3739 | D        | Reached skill level 1 in Staves
  3739 | D        | Reached skill level 1 in Ranged Weapons
  3739 | D        | Reached skill level 1 in Shields
  3739 | D        | Reached skill level 1 in Spellcasting
  3739 | D        | Reached skill level 1 in Conjurations
  3739 | D        | Reached skill level 1 in Hexes
  3739 | D        | Reached skill level 1 in Summonings
  3739 | D        | Reached skill level 1 in Necromancy
  3739 | D        | Reached skill level 1 in Translocations
  3739 | D        | Reached skill level 1 in Transmutations
  3739 | D        | Reached skill level 1 in Fire Magic
  3739 | D        | Reached skill level 1 in Ice Magic
  3739 | D        | Reached skill level 1 in Air Magic
  3739 | D        | Reached skill level 1 in Earth Magic
  3739 | D        | Reached skill level 1 in Poison Magic
  3739 | D        | Reached skill level 1 in Evocations
  3741 | D        | Killed an Orb Guardian
  3742 | D        | Noticed an Orb Guardian
  3746 | D        | Killed an Orb Guardian
  3755 | D        | Killed an electric golem
  3765 | D        | Killed an Orb Guardian
  3773 | D        | Killed an electric golem
  3863 | D        | Noticed an Orb Guardian
  3863 | D        | Noticed an Orb Guardian
  3863 | D        | Noticed an Orb Guardian
  3863 | D        | Noticed an Orb Guardian
  3863 | D        | Noticed an Orb Guardian
  3863 | D        | Noticed an Orb Guardian
  3870 | D        | Killed an Orb Guardian
  3873 | D        | Killed an Orb Guardian
  3876 | D        | Killed an Orb Guardian
  3878 | D        | Killed an Orb Guardian
  3878 | D        | Noticed an Orb Guardian
  3883 | D        | Noticed an Orb Guardian
  3884 | D        | Killed an Orb Guardian
  3885 | D        | Reached skill level 5 in Invocations
  3886 | D        | Killed an Orb Guardian
  3890 | D        | Killed an Orb Guardian
  3896 | D        | Killed an Orb Guardian
  3898 | D        | Noticed an Orb Guardian
  3899 | D        | Noticed an Orb Guardian
  3902 | D        | Killed an Orb Guardian
  3903 | D        | Noticed an Orb Guardian
  3905 | D        | Noticed an Orb Guardian
  3906 | D        | Got the Orb of Zot
  3912 | D        | Killed an Orb Guardian
  3917 | D        | Killed an Orb Guardian
  3918 | D        | Reached skill level 5 in Throwing
  3920 | D        | Killed an Orb Guardian
  4006 | D        | Noticed an ancient lich
  4008 | D        | Killed an ancient lich
  4009 | D        | Reached skill level 5 in Hexes
  4009 | D        | Reached skill level 5 in Necromancy
  4009 | D        | Reached skill level 5 in Poison Magic
  4009 | D        | Reached skill level 5 in Evocations
  4009 | D        | Gained mutation: You have a pair of large antennae on your
                  | head. (SInv) [demonic ancestry]
  4009 | D        | Reached XP level 19. HP: 133/189 MP: 25/25
  4013 | D        | Noticed an ancient lich
  4022 | D        | Paralysed by a vampire knight for 5 turns
  4024 | D        | HP: 6/189 [vampire knight/+0 great mace (4)]
  4025 | D        | Slain by an ancient lich (11 damage)
                  | ... while paralysed by a vampire knight
  4032 | D        | Killed an ancient lich
  4033 | D        | Reached skill level 5 in Conjurations
  4033 | D        | Reached skill level 5 in Summonings
  4033 | D        | Reached skill level 5 in Fire Magic
  4033 | D        | Reached skill level 5 in Ice Magic
  4033 | D        | Reached skill level 5 in Air Magic
  4033 | D        | Reached skill level 5 in Earth Magic
  4084 | D        | Reached skill level 5 in Long Blades
  4084 | D        | Reached skill level 5 in Maces & Flails
  4084 | D        | Reached skill level 5 in Polearms
  4090 | D        | Reached skill level 5 in Short Blades
  4090 | D        | Reached skill level 5 in Staves
  4090 | D        | Reached skill level 5 in Ranged Weapons
  4090 | D        | Reached skill level 5 in Shields
  4090 | D        | Reached skill level 5 in Spellcasting
  4090 | D        | Reached skill level 5 in Translocations
  4090 | D        | Reached skill level 5 in Transmutations
  4092 | D        | HP: 9/189 [deep elf high priest/divine providence (9)]
  4096 | D        | HP: 4/189 [deep elf death mage/+0 dagger (7)]
  4101 | D        | Killed from afar by a deep elf annihilator (92 damage)
                  | ... with a crystal spear
  4128 | D        | Got an elven rune of Zot
  4161 | D        | HP: 4/189 [acid blob/splash of acid (6)]
  4163 | D        | Slain by an acid blob (4 damage)
  4164 | D        | Noticed the Royal Jelly
  4180 | D        | Killed the Royal Jelly
  4181 | D        | Reached skill level 10 in Invocations
  4188 | D        | Mangled by a rockslime (19 damage)
                  | ... created by the Royal Jelly
  4191 | D        | Paralysed by a floating eye for 4 turns
  4209 | D        | Got a slimy rune of Zot
  4210 | D        | Paralysed by a floating eye for 2 turns
  4212 | D        | Killed from afar by an acid blob (16 damage)
                  | ... with a splash of acid
                  | ... while paralysed by a floating eye
  4214 | D        | Paralysed by a floating eye for 2 turns
  4219 | D        | Paralysed by a floating eye for 3 turns
  4230 | D        | Paralysed by a floating eye for 4 turns
  4238 | D        | Paralysed by a floating eye for 2 turns
  4376 | D        | Paralysed by a sphinx for 2 turns
  4383 | D        | Paralysed by a sphinx for 5 turns
  4384 | D        | HP: 5/189 [sphinx (17)]
  4386 | D        | Slain by a sphinx (10 damage)
                  | ... while paralysed by a sphinx
  4425 | D        | Noticed a royal mummy
  4430 | D        | HP: 5/188 [royal mummy/divine providence (13)]
  4432 | D        | Mangled by a mummy priest (12 damage)
  4436 | D        | Noticed a royal mummy
  4445 | D        | Killed a royal mummy
  4454 | D        | Killed by a guardian mummy's death curse (14 damage)
  4459 | D        | Killed a royal mummy
  4464 | D        | Noticed a royal mummy
  4464 | D        | Noticed a royal mummy
  4475 | D        | HP: 7/189 [royal mummy/divine providence (16)]
  4479 | D        | Killed by divine providence
                  | ... invoked by a royal mummy
                  | (11 damage)
  4482 | D        | Killed a royal mummy
  4483 | D        | Gained mutation: You have hooves in place of feet. [demonic
                  | ancestry]
  4483 | D        | Reached XP level 20. HP: 100/197 MP: 31/31
  4487 | D        | Killed a royal mummy
  4492 | D        | Got a golden rune of Zot
  4497 | D        | Noticed a bone dragon
  4507 | D        | Killed a bone dragon
  4516 | D        | Got an abyssal rune of Zot
  4519 | D        | Engulfed by a cloud of freezing vapour (38 damage)
  4650 | D        | Noticed Geryon
  4661 | D        | Killed Geryon
  4664 | D        | Noticed Dispater
  4664 | D        | Found the +6 sword of Cerebov {flame}
  4664 | D        | Noticed Cerebov
  4665 | D        | Noticed Ereshkigal
  4671 | D        | HP: 2/197 [Dispater (35)]
  4673 | D        | Killed from afar by a Hell Sentinel (23 damage)
                  | ... with damnation
                  | ... summoned by Dispater
  4682 | D        | Noticed Lom Lobon
  4683 | D        | HP: 7/197 [??? (4)]
  4684 | D        | Killed from afar by Dispater (38 damage)
                  | ... with damnation
  4685 | D        | Killed Dispater
  4686 | D        | Reached skill level 10 in Evocations
  4698 | D        | Mangled by Cerebov
                  | ... wielding the +6 sword of Cerebov {flame}
                  | (22 damage)
  4705 | D        | Mangled by Cerebov
                  | ... wielding the +6 sword of Cerebov {flame}
                  | (67 damage)
  4712 | D        | Killed Cerebov
  4713 | D        | Reached skill level 10 in Hexes
  4713 | D        | Reached skill level 10 in Necromancy
  4713 | D        | Reached skill level 10 in Poison Magic
  4717 | D        | Paralysed by Ereshkigal for 2 turns
  4722 | D        | HP: 9/190 [???[Ereshkigal] (6)]
  4725 | D        | HP: 4/190 [???[Ereshkigal] (2)]
  4729 | D        | Killed Ereshkigal
  4731 | D        | Killed by an exploding ball lightning (39 damage)
                  | ... set off by themself
  4736 | D        | Noticed Mnoleg
  4741 | D        | Noticed Antaeus
  4745 | D        | Noticed Gloorx Vloq
  4747 | D        | Killed Lom Lobon
  4752 | D        | HP: 2/197 [Mnoleg (11)]
  4752 | D        | Gained mutation: Your body sometimes deteriorates upon
                  | taking damage. [Mnoleg's mutagenic touch]
  4752 | D        | Slain by Mnoleg (4 damage)
  4756 | D        | Gained mutation: You occasionally shout uncontrollably at
                  | your foes. [Mnoleg's mutagenic touch]
  4764 | D        | HP: 5/197 [tentacled monstrosity[Mnoleg] (8)]
  4764 | D        | Mangled by Mnoleg (18 damage)
  4773 | D        | Annihilated by Antaeus (93 damage)
  4777 | D        | Annihilated by Antaeus (75 damage)
  4785 | D        | HP: 6/197 [tentacled monstrosity[Mnoleg] (7)]
  4787 | D        | Annihilated by Antaeus (45 damage)
  4791 | D        | Annihilated by Antaeus (51 damage)
  4792 | D        | Found the +13 sceptre of Asmodeus
  4792 | D        | Noticed Asmodeus
  4796 | D        | Killed from afar by Antaeus (50 damage)
                  | ... with an icy flash freeze
  4799 | D        | Annihilated by Antaeus (63 damage)
  4801 | D        | Killed Antaeus
  4802 | D        | Reached skill level 10 in Ice Magic
  4802 | D        | Reached skill level 10 in Air Magic
  4802 | D        | Reached skill level 10 in Earth Magic
  4810 | D        | HP: 9/197 [??? (7)]
  4810 | D        | HP: 2/197 [balrug/+0 demon whip[Asmodeus] (7)]
  4810 | D        | Slain by a balrug
                  | ... wielding a +0 demon whip
                  | ... summoned by Asmodeus
                  | (7 damage)
  4818 | D        | Killed Mnoleg
  4819 | D        | Reached skill level 10 in Fire Magic
  4821 | D        | Killed from afar by Asmodeus (25 damage)
                  | ... with damnation
  4829 | D        | HP: 8/197 [Asmodeus] (3)]
  4829 | D        | Annihilated by Asmodeus
                  | ... wielding the +13 sceptre of Asmodeus
                  | (34 damage)
  4833 | D        | Killed Asmodeus
  4834 | D        | Reached skill level 10 in Conjurations
  4834 | D        | Reached skill level 10 in Summonings
  4843 | D        | HP: 9/197 [??? (7)]
  4843 | D        | HP: 2/197 [Executioner[Gloorx Vloq] (7)]
  4845 | D        | Killed Gloorx Vloq
  4848 | D        | Got a bone rune of Zot
  4852 | D        | Got a fiery rune of Zot
  4857 | D        | Got an iron rune of Zot
  4881 | D        | Got an icy rune of Zot
  4885 | D        | Got a magical rune of Zot
  4889 | D        | Got a glowing rune of Zot
  4893 | D        | Got a dark rune of Zot
  4897 | D        | Got an obsidian rune of Zot
  4977 | D        | Reached skill level 10 in Throwing
  5088 | D        | Reached skill level 15 in Invocations
  5213 | D        | Noticed Zant the pandemonium lord
  5218 | D        | Reached skill level 10 in Translocations
  5228 | D        | HP: 5/197 [demonspawn corrupter/+0 demon whip of venom
                  | (22)]
  5229 | D        | Noticed a golden dragon
  5230 | D        | HP: 1/197 [demonspawn corrupter/+0 demon whip of venom (3)]
  5235 | D        | Slain by Zant the pandemonium lord (2 damage)
  5240 | D        | Killed Zant the pandemonium lord
  5241 | D        | Reached skill level 10 in Short Blades
  5241 | D        | Reached skill level 10 in Long Blades
  5241 | D        | Reached skill level 10 in Staves
  5245 | D        | Reached skill level 10 in Ranged Weapons
  5245 | D        | Reached skill level 10 in Spellcasting
  5245 | D        | Reached skill level 10 in Transmutations
  5245 | D        | HP: 5/197 [red devil/+0 trident[Zant] (17)]
  5247 | D        | Annihilated by a rockslime (31 damage)
                  | ... summoned by a demonspawn corrupter
  5252 | D        | Reached skill level 10 in Maces & Flails
  5252 | D        | Reached skill level 10 in Polearms
  5252 | D        | Reached skill level 10 in Shields
  5278 | D        | Noticed a golden dragon
  5285 | D        | Mangled by a golden dragon (32 damage)
                  | ... summoned by a demonspawn corrupter
  5403 | D        | Noticed Udaug the pandemonium lord
  5412 | D        | Killed Udaug the pandemonium lord
  5413 | D        | Reached XP level 21. HP: 28/204 MP: 35/35
  5413 | D        | HP: 10/204 [Orb Guardian (19)]
  6051 | D        | Noticed Ruagizam the pandemonium lord
  6069 | D        | Killed Ruagizam the pandemonium lord
  6083 | D        | Got a serpentine rune of Zot
  6642 | D        | Noticed Rirhasap the pandemonium lord
  6664 | D        | Annihilated by Rirhasap the pandemonium lord (40 damage)
  6669 | D        | Killed Rirhasap the pandemonium lord
  7286 | D        | Escaped with the Orb!

Illustrated notes

Levels and vault maps discovered:
D:        linesprint [early_d, line_temple, items_1, d_10, items_2, lair_1,
          lair_end, items_3, orc_1, orc_end, items_4, d_15, swamp_1, shoals_1,
          snake_1, spider_1, d_20, vaults_1, items_5, swamp_end, shoals_end,
          snake_end, spider_end, vaults_end, d_27, items_6, zot_1, zot_end,
          crypt_end, forest_end, elf_end, slime_end, tomb_end, abyss_end,
          pan_hell_end]

Skill      XL: |  1  2  3  4  5  6  7  8  9 10 11 12 13 14 15 16 17 18 19 20 21 |
---------------+----------------------------------------------------------------+-----
Dodging        | 3 4 5 6 7 8 9 10 12 13 14 16 20 25 27 | 27.0
Axes           | 3 5 6 7 8 9 10 12 14 | 14.8
Throwing       | 2 3 5 8 10 11 | 11.7
Fighting       | 3 4 5 6 7 8 9 10 11 13 17 21 24 27 | 27.0
Armour         | 1 3 4 6 7 8 10 14 17 20 23 27 | 27.0
Unarmed Combat | 1 2 7 9 12 16 19 22 25 27 | 27.0
Stealth        | 1 2 3 5 7 18 27 | 27.0
Invocations    | 6 12 15 17 | 17.3
Short Blades   | 4 7 10 11 | 11.3
Long Blades    | 4 7 10 11 | 11.3
Maces & Flails | 4 7 10 11 | 11.2
Polearms       | 4 7 10 11 | 11.2
Staves         | 4 7 10 11 | 11.2
Ranged Weapons | 4 7 10 11 | 11.2
Shields        | 4 7 10 11 | 11.2
Spellcasting   | 4 7 10 11 | 11.2
Conjurations   | 4 8 11 12 | 12.3
Hexes          | 5 9 12 13 | 13.5
Summonings     | 4 8 11 12 | 12.3
Necromancy     | 5 9 12 13 | 13.3
Translocations | 4 7 10 11 | 11.3
Transmutations | 4 7 10 11 | 11.2
Fire Magic     | 4 8 11 12 | 12.5
Ice Magic      | 4 8 11 12 | 12.6
Air Magic      | 4 8 11 12 | 12.5
Earth Magic    | 4 8 11 12 | 12.5
Poison Magic   | 5 9 12 13 | 13.6
Evocations     | 5 9 12 13 | 13.6

Action                     |  1- 3 |  4- 6 |  7- 9 | 10-12 | 13-15 | 16-18 | 19-21 || total
---------------------------+-------+-------+-------+-------+-------+-------+-------++-------
  Melee: War axe           |    37 |     6 |       |       |       |       |       ||    43
         Unarmed           |       |    27 |   100 |   260 |   398 |   477 |   639 ||  1901
         Punch             |       |       |     7 |    32 |    90 |   110 |   137 ||   376
         Kick              |       |       |       |   101 |   156 |   208 |   270 ||   735
    Use: Scroll            |       |       |       |       |       |     3 |       ||     3
   Stab: Sleeping          |       |       |       |       |       |    10 |     3 ||    13
         Distracted        |       |       |       |       |       |       |     7 ||     7
 Armour: Leather armour    |    13 |     3 |     3 |     4 |       |       |       ||    23
         Fire dragon scale |       |       |       |    16 |    65 |    46 |    97 ||   224
  Dodge: Dodged            |    27 |    16 |    74 |   273 |   531 |   637 |   968 ||  2526
